 Dungeon Crawl Stone Soup version 0.17.1-1-g73c8601 (webtiles) character file.

658 shmeve the Skirmisher (level 7, -3/61 HPs)
             Began as a Black Draconian Fighter on Apr 21, 2016.
             Slain by Duvessa
             ... wielding a +0 short sword
              (13 damage)
             ... on level 5 of the Dungeon.
             The game lasted 00:09:46 (5286 turns).

shmeve the Skirmisher (Black Draconian Fighter)     Turns: 5286, Time: 00:09:46

Health: -3/61      AC:  6    Str: 21    XL:     7   Next: 30%
Magic:  7/7        EV:  9    Int:  8    God:
Gold:   207        SH: 14    Dex: 10    Spells: 0 memorised, 6 levels left

rFire  . . .     SeeInvis .     a - +0 war axe
rCold  . . .     Clarity  .     (armour unavailable)
rNeg   . . .     SustAt   .     k - +0 large shield
rPois  .         Gourm    .     (helmet restricted)
rElec  +         Spirit   .     (no cloak)
rCorr  .         Warding  .     (no gloves)
rMut   .         Stasis   .     (no boots)
MR     +....                    (no amulet)
Stlth  ++........               (no ring)
                                c - ring of protection from magic

@: short of breath, somewhat resistant to hostile enchantments, unstealthy
A: breathe lightning, unfitting armour, electricity resistance, cold-blooded, AC
+6
a: Breathe Lightning


You were on level 5 of the Dungeon.
You were hungry.

You visited 1 branch of the dungeon, and saw 5 of its levels.

You collected 207 gold pieces.

Inventory:

Hand Weapons
 a - a +0 war axe (weapon)
Armour
 k - a +0 large shield (worn)
Jewellery
 c - a ring of protection from magic (left hand)
Scrolls
 f - 5 scrolls of fog {unknown}
 g - a scroll of noise {unknown}
 i - 4 scrolls of recharging {unknown}
 j - 3 scrolls of teleportation {unknown}
 l - 3 scrolls of identify {unknown}
 o - 2 scrolls of remove curse {unknown}
 q - a scroll of magic mapping {unknown}
 s - a scroll of enchant weapon {unknown}
 t - a scroll of amnesia {unknown}
Potions
 d - a potion of degeneration {unknown}
 e - 6 potions of curing {unknown}
 m - a potion of flight {unknown}
 n - 2 potions of brilliance {unknown}
 p - a potion of resistance
 r - a potion of beneficial mutation {unknown}
 u - a potion of haste {unknown}
 v - a potion of might
Comestibles
 b - 3 fruits
 h - 2 meat rations
 w - a bread ration
 x - a beef jerky


   Skills:
 * Level 5.5 Fighting
 * Level 3.9 Axes
 - Level 1.7 Throwing
 + Level 3.6 Dodging
 + Level 2.2 Stealth
 * Level 4.9 Shields


You had 6 spell levels left.
You didn't know any spells.

Dungeon Overview and Level Annotations

Branches:
Dungeon (5/15)
 Temple: D:4-7

Altars:
Ashenzari
Dithmenos
Elyvilon
Fedhas
Makhleb
Ru
Yredelemnul

Shops:
D:4 :

Annotations:
D:5 Duvessa


Innate Abilities, Weirdness & Mutations

You can breathe wild blasts of lightning.
Your glossy black scales are hard (AC +6).
Your body does not fit into most forms of armour.
You are resistant to electric shocks.
You are cold-blooded and may be slowed by cold attacks.


Message History

Duvessa hits you with a short sword! Duvessa hits you with a short sword.
You hit Duvessa but do no damage.
Duvessa is heavily wounded.
You block Duvessa's attack. Duvessa hits you with a short sword!
You hit Duvessa.
Duvessa is heavily wounded.
Duvessa completely misses you. Duvessa hits you with a short sword!
You completely miss Duvessa.
Duvessa is heavily wounded.
Duvessa hits you with a short sword. Duvessa hits you with a short sword!
* * * LOW HITPOINT WARNING * * *
You hit Duvessa.
Duvessa is heavily wounded.
Duvessa barely misses you. Duvessa hits you with a short sword.
* * * LOW HITPOINT WARNING * * *
You hit Duvessa.
You tail-slap Duvessa, but do no damage.
Duvessa is heavily wounded.
You block Duvessa's attack. Duvessa hits you with a short sword!
You die...

######.#####
##..#####.
.......#
###.......#
.#######
#......#..#
.# #.#.#..#
.# ##
#.#.#.......
# #.####..##
#)####..#
#.......#
##@######
#e# ).)
.....
#.....#
#.....#
#.....#
#######


You could see Duvessa (berserk).

Vanquished Creatures
  A centaur (D:3)
  An ogre (D:4)
  A water moccasin zombie (D:5)
  Dowan (D:5)
  A crimson imp (D:4)
  A hound (D:4)
  A centaur skeleton (D:4)
  Terence (D:3)
  2 worker ants (D:4)
  An iguana (D:4)
  An orc wizard (D:4)
  8 adders
  An ooze (D:2)
  3 worms
  3 giant geckos
  12 orcs
  6 bats
  7 hobgoblins
  8 jackals
  2 quokkas (D:4)
  4 ball pythons
  3 giant newts (D:4)
  10 goblins
  9 kobolds
  7 rats
95 creatures vanquished.

Vanquished Creatures (others)
  4 toadstools (D:1)
4 creatures vanquished.

Grand Total: 99 creatures vanquished

Notes
Turn   | Place    | Note
--------------------------------------------------------------
     0 | D:1      | shmeve the Draconian Fighter began the quest for the Orb.
     0 | D:1      | Reached XP level 1. HP: 19/19 MP: 1/1
   293 | D:1      | Reached XP level 2. HP: 26/26 MP: 2/2
  1177 | D:2      | Reached XP level 3. HP: 14/33 MP: 3/3
  1755 | D:2      | Reached skill level 4 in Fighting
  2004 | D:3      | Noticed a centaur
  2017 | D:3      | Killed a centaur
  2017 | D:3      | Reached skill level 1 in Throwing
  2017 | D:3      | Reached skill level 1 in Stealth
  2017 | D:3      | Reached XP level 4. HP: 13/41 MP: 4/4
  2017 | D:3      | Reached XP level 5. HP: 14/47 MP: 5/5
  2241 | D:3      | Noticed Terence
  2258 | D:3      | Killed Terence
  2694 | D:3      | Found a sacrificial altar of Ru.
  3244 | D:4      | Found a white marble altar of Elyvilon.
  3294 | D:4      | Reached XP level 6. HP: 25/55 MP: 6/6
  3664 | D:4      | Found Ifetuoss's Book Boutique.
  3854 | D:4      | Reached skill level 5 in Fighting
  4103 | D:4      | Noticed an ogre
  4107 | D:4      | Killed an ogre
  4272 | D:4      | Found a burning altar of Makhleb.
  4448 | D:4      | Found a shadowy altar of Dithmenos.
  4459 | D:4      | Found a shattered altar of Ashenzari.
  4462 | D:4      | Found a basalt altar of Yredelemnul.
  4463 | D:4      | Found a blossoming altar of Fedhas.
  4699 | D:4      | Your scales start taking on a glossy black colour.
  4699 | D:4      | Gained mutation: You are resistant to electric shocks. [Black Draconian growth]
  4699 | D:4      | Reached XP level 7. HP: 51/61 MP: 7/7
  4905 | D:5      | Entered Level 5 of the Dungeon
  5271 | D:5      | Noticed Dowan
  5272 | D:5      | Noticed Duvessa
  5280 | D:5      | Killed Dowan
  5286 | D:5      | Slain by Duvessa

Action                   |  1- 3 |  4- 6 |  7- 9 || total
-------------------------+-------+-------+-------++-------
Melee: War axe           |   116 |   172 |    37 ||   325
 Abil: Breathe Lightning |       |       |     3 ||     3
  Use: Potion            |       |     1 |       ||     1
 Stab: Sleeping          |     2 |     3 |       ||     5
  Eat: Chunk             |     3 |     5 |     2 ||    10
       Bread ration      |       |     1 |       ||     1
